 Dungeon Crawl Stone Soup version 0.30-a0-187-gd9c2deaf24 (webtiles) character file.

Game seed: 10139248836532261454

119443 Flugkiller the Nimble (level 15, -8/118 HPs)
             Began as a Mummy Delver on Oct 3, 2022.
             Was an Elder of Cheibriados.
             Killed by divine providence
             ... invoked by Saint Roka
              (16 damage)
             ... on level 2 of the Orcish Mines.
             The game lasted 00:32:06 (24686 turns).

Flugkiller the Nimble (Mummy Delver)               Turns: 24686, Time: 00:32:06

Health: -8/118     AC: 27    Str: 26    XL:     15   Next: 97%
Magic:  17/21      EV: 29    Int: 21    God:    Cheibriados [****..]
Gold:   2438       SH: 10    Dex: 51    Spells: 19/22 levels left

rFire   . . .      SeeInvis .    Z - +1 scimitar (flame)
rCold   + + +      Faith    +    A - +0 buckler
rNeg    + + +      Spirit   .    J - +7 chain mail "Lesche Esatu" {rPois rC++ rCorr Str-2}
rPois   ∞          Reflect  .    m - +2 helmet
rElec   .          Harm     .    O - scarf {rC+ rF+}
rCorr   +          Rampage  .    q - +1 pair of gloves "Mecaq" {rC- Str+2 Dex+2}
Will    .....                    h - +2 pair of boots
Stlth   ++........               o - amulet "Ziulug" {Faith Dex+8}
HPRegen 0.39/turn                k - +6 ring of dexterity
MPRegen 0.17/turn                a - +6 ring of dexterity

@: weak-willed, very slow
A: cold resistance 1, negative energy resistance 3, torment resistance 2, heat
vulnerability 1, in touch with death 2, no potions, faith
}: 1/15 runes: abyssal
a: Renounce Religion, Bend Time, Temporal Distortion, Slouch


You were on level 2 of the Orcish Mines.
You worshipped Cheibriados.
Cheibriados was greatly pleased with you.
You visited 4 branches of the dungeon, and saw 23 of its levels.
You visited the Abyss 1 time.
You also visited: Bailey and Volcano.

You collected 2438 gold pieces.

Inventory:

Hand Weapons
 B - a +4 falchion of freezing
   (You took it off a wight on level 7 of the Dungeon)
 K - a +0 triple sword
   (You found it on level 11 of the Dungeon)
 P - a +2 vorpal long sword
   (You found it on level 2 of the Lair of Beasts)
 Z - a +1 scimitar of flaming (weapon)
   (You took it off an efreet on level 13 of the Dungeon)
Missiles
 l - 3 throwing nets
 s - 11 javelins (quivered)
 F - 9 curare-tipped darts
Armour
 b - a +0 cloak of stealth
   (You found it on level 15 of the Dungeon)
 e - a +2 hat of willpower
   (You took it off Gastronok on level 8 of the Dungeon)
 h - a +2 pair of boots (worn)
   (You found it on level 1 of the Dungeon)
 m - a +2 helmet (worn)
   (You found it on level 3 of the Dungeon)
 q - the +1 pair of gloves "Mecaq" (worn) {rC- Str+2 Dex+2}
   (You found it on level 5 of the Dungeon)

   Str:       It affects your strength (+2).
   Dex:       It affects your dexterity (+2).
   rC:        It makes you vulnerable to cold.
 t - +0 fire dragon scales
   (You found it in a volcano)
 A - a +0 buckler (worn)
   (You found it on level 7 of the Dungeon)
 J - the +7 chain mail "Lesche Esatu" (worn) {rPois rC++ rCorr Str-2}
   (You found it on level 10 of the Dungeon)

   Str:       It affects your strength (-2).
   rC:        It greatly protects you from cold.
   rPois:     It protects you from poison.
   rCorr:     It protects you from acid and corrosion.
 O - a scarf of resistance (worn)
   (You found it on level 2 of the Lair of Beasts)
 Y - the +0 pair of boots "Xuug" {Str+4 Int+3}
   (You found it on level 12 of the Dungeon)

   Str:       It affects your strength (+4).
   Int:       It affects your intelligence (+3).
Jewellery
 a - a +6 ring of dexterity (right hand)
   (You found it on level 4 of the Dungeon)
 g - a ring of flight
   (You found it on level 4 of the Dungeon)
 i - a ring of see invisible
   (You found it on level 5 of the Dungeon)
 k - a +6 ring of dexterity (left hand)
   (You found it on level 4 of the Dungeon)
 o - the amulet "Ziulug" (around neck) {Faith Dex+8}
   (You found it on level 14 of the Dungeon)

   [amulet of faith]

   It allows you to gain divine favour quickly.
   Dex:       It affects your dexterity (+8).
 v - a +4 ring of evasion
   (You found it on level 8 of the Dungeon)
 C - a ring of magical power
   (You found it on level 13 of the Dungeon)
 G - an amulet of the acrobat
   (You took it off an orc on level 10 of the Dungeon)
 I - a ring of magical power
   (You took it off an orc warrior on level 10 of the Dungeon)
 S - an amulet of reflection
   (You found it on level 3 of the Lair of Beasts)
 X - a ring of resist corrosion
   (You found it on level 12 of the Dungeon)
Wands
 u - a wand of digging (7)
   (You found it on level 9 of the Dungeon)
 x - a wand of charming (30)
   (You found it on level 8 of the Dungeon)
 M - a wand of flame (14)
   (You found it on level 1 of the Lair of Beasts)
 N - a wand of quicksilver (1)
   (You found it on level 2 of the Lair of Beasts)
 Q - a wand of mindburst (14)
   (You found it on level 2 of the Lair of Beasts)
 R - a wand of roots (3)
   (You found it on level 1 of the Lair of Beasts)
Scrolls
 c - a scroll of fog
 d - 3 scrolls of enchant weapon
 f - a scroll of butterflies
 j - 3 scrolls of amnesia
 n - 4 scrolls of vulnerability
 p - 2 scrolls of enchant armour
 r - 8 scrolls of identify
 w - 2 scrolls of fear
 y - 2 scrolls of immolation
 D - 3 scrolls of magic mapping
 H - 3 scrolls of poison
 L - a scroll of torment
 W - 2 scrolls of summoning
Miscellaneous
 T - a phial of floods (inert)
   (You found it on level 5 of the Lair of Beasts)
 V - a condenser vane (inert)
   (You found it on level 12 of the Dungeon)


   Skills:
 - Level 11.0 Fighting
 - Level 13.1 Long Blades
 + Level 10.0 Armour
 - Level 13.1 Dodging
 - Level 4.1 Stealth
 - Level 4.0 Shields
 - Level 4.0 Spellcasting
 - Level 4.0 Ice Magic
 * Level 6.7 Invocations
 - Level 5.0 Evocations


You had 19 spell levels left.
You knew the following spells:

 Your Spells              Type           Power      Damage    Failure   Level
a - Ozocubu's Armour      Ice            21%        N/A       38%         3

Your spell library contained the following spells:

 Spells                   Type           Power      Damage    Failure   Level
 Freeze                   Ice            84%        1d10      14%         1
 Frozen Ramparts          Ice            42%        1d7       38%         3
 Ensorcelled Hibernation  Hex/Ice        24%        N/A       43%         2
 Apportation              Tloc           8%         N/A       58%         1
 Necrotise                Necr           36%        1d5       58%         1
 Sting                    Tmut/Pois      16%        1d3       58%         1
 Summon Small Mammal      Summ           16%        N/A       58%         1
 Hailstorm                Conj/Ice       12%        3d5       67%         3
 Blink                    Tloc           8%         N/A       73%         2
 Cigotuvi's Dreadful Rot  Necr/Pois/Air  18%        N/A       73%         2
 Poisonous Vapours        Pois/Air       8%         N/A       73%         2
 Static Discharge         Conj/Air       8%         2-3/arc   73%         2
 Call Canine Familiar     Summ           4%         N/A       91%         3
 Portal Projectile        Hex/Tloc       8%         N/A       91%         3
 Summon Guardian Golem    Hex/Summ       4%         N/A       91%         3
 Tukima's Dance           Hex            4%         N/A       91%         3
 Vhi's Electric Charge    Tloc/Air       8%         N/A       91%         3
 Anguish                  Hex/Necr       4%         N/A       100%        4
 Leda's Liquefaction      Hex/Erth       2%         N/A       100%        4
 Manifold Assault         Tloc           4%         N/A       100%        4
 Olgreb's Toxic Radiance  Pois           4%         N/A       100%        4
 Petrify                  Tmut/Erth      4%         N/A       100%        4
 Alistair's Intoxication  Tmut/Pois      2%         N/A       100%        5
 Arcjolt                  Conj/Air       2%         1d12      100%        5
 Irradiate                Conj/Tmut      2%         3d12      100%        5
 Lee's Rapid Deconstruct  Erth           2%         3d5*      100%        5
 Lightning Bolt           Conj/Air       2%         1d13      100%        5
 Metabolic Englaciation   Hex/Ice        6%         N/A       100%        5
 Simulacrum               Ice/Necr       14%        N/A       100%        6
 Maxwell's Capacitive Co  Air            2%         ∞         100%        8
 Sublimation of Blood     Necr           Unusable   N/A       N/A         2
 Spider Form              Tmut/Pois      Unusable   N/A       N/A         3
 Blade Hands              Tmut           Unusable   N/A       N/A         5
 Statue Form              Tmut/Erth      Unusable   N/A       N/A         6
 Storm Form               Tmut/Air       Unusable   N/A       N/A         7

Dungeon Overview and Level Annotations

Branches:
Dungeon (15/15) Zot: 38671  Temple (1/1) D:4 Zot: 8608    Lair (5/5) D:9 Zot: 35595
 Shoals (0/4) Lair:2       Spider (0/4) Lair:3        Slime (0/5) Lair:4
    Orc (2/2) D:11 Zot: 15911     Elf (0/3) Orc:2        Vaults (0/5) D:13
 Depths (0/4) D:15         Bailey (visited)         Volcano (visited)

Altars:
Ashenzari
Cheibriados
Dithmenos
Fedhas
Gozag
Hepliaklqana
Kikubaaqudgha
Makhleb
Nemelex Xobeh
Okawaru
Qazlal
Ru
Sif Muna
Trog
Uskayaw
Vehumet
Wu Jian
Xom
Yredelemnul
Jiyva

Shops:
D:9 [

Annotations:
D:3 Sigmund
D:11 3 runed translucent doors, Stoves66's ghost, journeyman MiFi; Urug
Lair:4 2 transporters, Piki's ghost, journeyman GrFE
Orc:2 Saint Roka


Innate Abilities, Weirdness & Mutations

You are immune to poison.
Your flesh is cold resistant. (rC+)
You are immune to negative energy. (rN+++)
You are immune to unholy pain and torment.
You are vulnerable to heat. (rF-)
You are strongly in touch with the powers of death.
You do not drink.
You have a special connection with the divine. (Faith)


Message History

Press: ? - help, Shift-Dir - straight line, f/p - Saint Roka
Aim: Saint Roka, wielding a +0 great mace and wearing a +1 chain mail of fire resistance (moderately wounded)
The roots erupt in riotous growth!
Roots grab Saint Roka.
Roots grab the orc warrior.
The grasping roots constrict Saint Roka.
The grasping roots constrict the orc warrior!
The orc warrior struggles to escape constriction.
Saint Roka struggles to escape constriction.
Aiming: Mindburst
Press: ? - help, Shift-Dir - straight line, f/p - Saint Roka
Aim: Saint Roka, wielding a +0 great mace and wearing a +1 chain mail of fire resistance (moderately wounded, constricted by roots, chance to affect: 32%) Saint Roka's mind is blasted!
The grasping roots constrict Saint Roka.
The grasping roots constrict the orc warrior!
You kill the orc warrior!
Cheibriados appreciates the change of pace.
Saint Roka calls down the wrath of Beogh upon you.
Beogh smites you!
Really read the scroll of vulnerability?
As you read the scroll of vulnerability, it crumbles to dust.
Magic quickly surges around you.
The grasping roots constrict Saint Roka!
Saint Roka mumbles some strange prayers to Beogh against you.
Beogh smites you!
Aiming: Fastroot
Press: ? - help, Shift-Dir - straight line, f - orc, p - Saint Roka
Aim: an orc, wielding a +0 flail and wearing a +0 leather armour (strong, weak-willed)
The roots erupt in riotous growth!
Roots grab the orc.
Roots grab the warg.
Saint Roka is unaffected.
The grasping roots constrict Saint Roka!
The grasping roots constrict the orc!
You kill the orc!
Cheibriados appreciates the change of pace.
The grasping roots constrict the warg!
The roots release their grip on Saint Roka.
The warg struggles to escape constriction. x2
Aiming: Mindburst
Press: ? - help, Shift-Dir - straight line, f - Saint Roka
Aim: Saint Roka, wielding a +0 great mace and wearing a +1 chain mail of fire resistance (heavily wounded, weak-willed, chance to affect: 67%) Saint Roka's mind is blasted!!
The grasping roots constrict the warg!
The warg escapes!
Aiming: Mindburst
Press: ? - help, Shift-Dir - straight line, f/p - Saint Roka
Aim: Saint Roka, wielding a +0 great mace and wearing a +1 chain mail of fire resistance (heavily wounded, weak-willed, chance to affect: 67%) Saint Roka struggles to resist.
Saint Roka hits you but does no damage.
Aiming: Charm
Press: ? - help, Shift-Dir - straight line, f/p - Saint Roka
Aim: Saint Roka, wielding a +0 great mace and wearing a +1 chain mail of fire resistance (heavily wounded, weak-willed, chance to affect: 44%) Saint Roka resists with some effort.
You block the warg's attack.
Saint Roka mumbles some strange prayers to Beogh against you.
Beogh smites you! The warg misses you.
Aiming: Mindburst
Press: ? - help, Shift-Dir - straight line, f/p - Saint Roka
Aim: Saint Roka, wielding a +0 great mace and wearing a +1 chain mail of fire resistance (heavily wounded, weak-willed, chance to affect: 67%) Saint Roka's mind is blasted!!
The warg closely misses you.
Saint Roka hits you with a +0 great mace!
Aiming: Mindburst
Press: ? - help, Shift-Dir - straight line, f/p - Saint Roka
Aim: Saint Roka, wielding a +0 great mace and wearing a +1 chain mail of fire resistance (severely wounded, weak-willed, chance to affect: 67%) Saint Roka struggles to resist.
You block the warg's attack.
Saint Roka calls down the wrath of Beogh upon you.
Beogh smites you!
Aiming: Mindburst
Press: ? - help, Shift-Dir - straight line, f/p - Saint Roka
Aim: Saint Roka, wielding a +0 great mace and wearing a +1 chain mail of fire resistance (severely wounded, weak-willed, chance to affect: 67%) Saint Roka struggles to resist.
The warg completely misses you.
Saint Roka hits you with a +0 great mace!
* * * LOW HITPOINT WARNING * * *
You block the warg's attack.
Okay, then.
You can feel time thicken for a moment.
You kill the warg!
Cheibriados thoroughly appreciates the change of pace.
You can now step out of the flow of time.
Cheibriados raises the support of your attributes as your movement slows.
You can no longer step out of the flow of time.
Cheibriados lowers the support of your attributes as your movement quickens.
Saint Roka invokes the aid of Beogh against you.
Beogh smites you!
* * * LOW HITPOINT WARNING * * *
Blink to where?
Press: ? - help, Dir - move target, p - Saint Roka
As you read the scroll of blinking, it crumbles to dust.
Aiming: Mindburst
Press: ? - help, Shift-Dir - straight line, f - Saint Roka
Aim: Saint Roka, wielding a +0 great mace and wearing a +1 chain mail of fire resistance (severely wounded, weak-willed, chance to affect: 67%) Saint Roka struggles to resist.
Saint Roka mumbles some strange prayers to Beogh against you.
Beogh smites you!
* * * LOW HITPOINT WARNING * * *
Okay, then.
Unknown command.
As you read the scroll of summoning, it crumbles to dust.
Wisps of shadow whirl around you...
Unknown command.
Saint Roka says, "Down here, you're an orc or you're nobody."
Saint Roka mumbles some strange prayers to Beogh against you.
Beogh smites you!
You die...

## #########
.###.#.....## ###
..#.........###.##
...#.......###..o##
...........#.#ooo.#
...#..........oo@h##
..............o.oo.#
.............O..#o##
.<............ooo##
.....))).o)...o.##
.....)#.......oo.#
................##
...........#....#
............##.##


You could see Saint Roka (weak-willed, ally target), a friendly orc warlord
(summoned), a friendly warg (summoned), a friendly orc sorcerer (summoned), 6
friendly orc warriors, a friendly ogre (summoned), a friendly orc wizard
(summoned, wandering) and 6 friendly orcs.

Vanquished Creatures
  Gastronok (D:8)
  Kirke (D:15)
  An orc warlord (Orc:1)
  Snorg (Orc:1)
  Josephine (Lair:5)
  Harold (D:11)
  4 catoblepae (Lair:5)
  An ogre mage (D:14)
  A yaktaur captain (D:13)
  8 hydras
  2 boulder beetles (D:13)
  A dancing weapon (Volcano)
  5 centaur warriors
  7 two-headed ogres
  A death knight (D:15)
  11 death yaks (Lair:5)
  A tengu warrior (D:14)
  7 thrashing horrors (Abyss:4)
  2 orc high priests
  6 hell knights (Abyss:4)
  Sonja (Lair:4)
  8 skeletal warriors
  Nergalle (D:11)
  6 spatial maelstroms (Abyss:4)
  6 wizards
  A lindwurm (Lair:5)
  An orc knight (Orc:2)
  2 deep elf pyromancers (D:12)
  A phantasmal warrior (D:15)
  A necromancer (D:15)
  A wolf spider zombie (D:15)
  A deep elf zephyrmancer (D:15)
  2 manticores (Lair:5)
  5 ugly things
  7 cyclopes
  4 orc sorcerers
  5 elephants (Lair:5)
  2 centaur zombies (D:11)
  A naga mage (D:15)
  5 black mambas
  5 toenail golems (Volcano)
  9 cane toads
  2 centaur skeletons (D:15)
  5 yaktaurs
  A rime drake (Lair:3)
  2 unseen horrors (D:12)
  2 freezing wraiths (D:15)
  12 komodo dragons
  An ancient zyme (Abyss:4)
  An efreet (D:13)
  6 trolls
  6 meliai
  A hornet (D:9)
  4 slime creatures (D:12)
  5 blink frogs (Lair:5)
  A snapping turtle (Lair:2)
  3 jumping spiders (Lair:3)
  A raiju (Abyss:4)
  3 culicivoras (Lair:3)
  2 shadows
  11 wraiths
  57 yaks
  4 wyverns
  3 hogs (D:15)
  A fire bat (D:6)
  11 basilisks
  A neqoxec (Abyss:4)
  A steam dragon (D:6)
  3 redbacks (Lair:3)
  4 wargs
  3 acid dragons
  11 spatial vortices (Abyss:4)
  16 water moccasins
  2 sky beasts
  29 orc warriors
  4 black bears
  5 ogres
  20 wolves
  7 boggarts
  10 centaurs
  2 phantoms (D:5)
  4 kobold brigands
  A gnoll sergeant (D:13)
  3 scorpions
  8 bullfrogs
  9 wights
  An electric eel (Lair:2)
  A howler monkey (D:5)
  A hound (D:5)
  23 orc priests
  An iron imp (Abyss:4)
  A gnoll bouda (Orc:1)
  2 iguanas (D:4)
  24 orc wizards
  A small abomination (Abyss:4)
  4 adders
  10 gnolls
  A shadow imp (D:5)
  2 white imps
  An ufetubus (D:6)
  3 worms
  3 dart slugs
  110 orcs
  3 ball pythons
  6 bats
  6 endoplasms
  A giant cockroach (D:4)
  13 goblins
  9 hobgoblins
  8 jackals
  7 quokkas
  4 frilled lizards
  25 kobolds
  11 rats
  A lurking horror (Abyss:4)
709 creatures vanquished.

Vanquished Creatures (collateral kills)
  3 yaks (D:9)
  An orc priest (D:11)
4 creatures vanquished.

Vanquished Creatures (others)
  A two-headed ogre (D:9)
  An acid dragon (D:9)
  30 fungi
  48 plants
80 creatures vanquished.

Grand Total: 793 creatures vanquished

Notes
Turn   | Place    | Note
-------+----------+-------------------------------------------
     0 | D:5      | Flugkiller the Mummy Delver began the quest for the Orb.
     0 | D:5      | Reached XP level 1. HP: 18/18 MP: 1/1
     8 | D:5      | Noticed a scorpion
    96 | D:5      | Noticed a phantom
   136 | D:4      | Noticed an iguana
   148 | D:3      | Noticed an iguana
   220 | D:3      | Noticed an orc priest
   336 | D:2      | Reached XP level 2. HP: 19/24 MP: 2/2
   580 | D:1      | Gained mutation: You are in touch with the powers of death.
                  | [Mummy growth]
   580 | D:1      | Reached XP level 3. HP: 17/29 MP: 3/3
   891 | D:1      | Found a faded altar of an unknown god.
  1200 | D:2      | Reached XP level 4. HP: 29/35 MP: 4/4
  2299 | D:3      | Noticed Sigmund
  2554 | D:3      | Reached XP level 5. HP: 36/41 MP: 5/5
  2953 | D:4      | Noticed a water moccasin
  2954 | D:4      | Found a staircase to the Ecumenical Temple.
  2982 | D:4      | HP: 2/41 [water moccasin (5)]
  3000 | D:4      | Killed a water moccasin
  3001 | D:4      | Reached XP level 6. HP: 8/47 MP: 6/6
  3206 | Temple   | Entered the Ecumenical Temple
  3443 | Temple   | Became a worshipper of Cheibriados the Contemplative
  3574 | D:4      | Noticed an ice beast
  3928 | D:4      | Found an ancient bone altar of Kikubaaqudgha.
  4124 | D:5      | Reached XP level 7. HP: 54/54 MP: 7/7
  4174 | D:5      | Reached * piety under Cheibriados
  4201 | D:5      | Identified the +1 pair of gloves "Mecaq" {rC- Str+2 Dex+2}
  4480 | D:5      | Found an iron altar of Okawaru.
  4481 | D:5      | Found a shimmering altar of Xom.
  4488 | D:5      | Reached skill level 5 in Dodging
  4490 | D:5      | Reached skill level 5 in Long Blades
  4743 | D:5      | Reached XP level 8. HP: 45/61 MP: 8/8
  4939 | D:5      | Reached ** piety under Cheibriados
  4940 | D:5      | Reached skill level 5 in Fighting
  5183 | D:6      | HP: 2/62 [something (6)]
  5393 | D:6      | Found a stormy altar of Qazlal.
  6082 | D:6      | Learned a level 3 spell: Ozocubu's Armour
  6164 | D:7      | Found a flagged portal.
  6178 | Bailey   | Entered a bailey
  6188 | Bailey   | Noticed an orc warlord
  6188 | Bailey   | Found the +10 Black Knight's barding {ponderous, rPois rN+}
  6253 | Bailey   | Reached skill level 1 in Spellcasting
  6386 | Bailey   | Found a runed translucent gate.
  6389 | Bailey   | Found a runed translucent gate.
  6390 | Bailey   | Found a runed translucent gate.
  6407 | Bailey   | Reached skill level 1 in Ice Magic
  6407 | Bailey   | Reached XP level 9. HP: 47/68 MP: 9/11
  6425 | Bailey   | Reached skill level 1 in Shields
  6425 | Bailey   | Reached skill level 1 in Invocations
  7004 | D:7      | Reached *** piety under Cheibriados
  8132 | D:8      | Reached **** piety under Cheibriados
  8138 | D:8      | Reached XP level 10. HP: 59/74 MP: 16/16
  8215 | D:8      | Noticed Gastronok
  8338 | D:8      | Killed Gastronok
  8339 | D:8      | Reached skill level 1 in Armour
  8339 | D:8      | Reached skill level 1 in Evocations
  8866 | D:9      | Found a staircase to the Lair.
  8895 | D:9      | Noticed a two-headed ogre
  8931 | D:9      | Reached skill level 5 in Invocations
  8967 | D:9      | Found Seysaog's Antique Armour Boutique.
  9474 | D:10     | Entered Level 10 of the Dungeon
  9680 | D:10     | Reached ***** piety under Cheibriados
  9769 | D:10     | Identified the +3 ring mail "Irrantad" {rN+}
  9874 | D:10     | Identified the +7 chain mail "Lesche Esatu" {rPois rC++
                  | rCorr Str-2}
 10205 | D:11     | Reached XP level 11. HP: 62/80 MP: 17/17
 10300 | D:11     | Noticed Nergalle
 10320 | D:11     | Killed Nergalle
 10414 | D:11     | Noticed a centaur warrior
 10430 | D:11     | Killed a centaur warrior
 10552 | D:11     | Noticed a two-headed ogre
 10577 | D:11     | Killed a two-headed ogre
 10899 | D:11     | Found a runed translucent gate.
 10899 | D:11     | Found a runed translucent gate.
 10899 | D:11     | Found a runed translucent gate.
 10899 | D:11     | Noticed Stoves66's ghost (journeyman MiFi)
 10901 | D:11     | Found a basalt altar of Yredelemnul.
 10959 | D:11     | Noticed Harold
 10973 | D:11     | Killed Harold
 11061 | D:11     | Noticed Urug
 11316 | D:11     | Found a staircase to the Orcish Mines.
 11382 | D:11     | Reached skill level 5 in Evocations
 11404 | D:11     | Noticed a cyan ugly thing
 11410 | D:11     | Killed a cyan ugly thing
 11575 | D:11     | Noticed a skeletal warrior
 11665 | Lair:1   | Entered Level 1 of the Lair of Beasts
 12482 | Lair:2   | Noticed a seven-headed hydra
 12492 | Lair:2   | Noticed a five-headed hydra
 12494 | Lair:2   | Killed a nine-headed hydra
 12495 | Lair:2   | Reached XP level 12. HP: 40/86 MP: 12/18
 12978 | Lair:2   | Killed a ten-headed hydra
 13249 | Lair:2   | Noticed a five-headed hydra
 13257 | Lair:2   | Killed a one-headed hydra
 13407 | Lair:2   | Reached skill level 10 in Dodging
 13714 | Lair:2   | Found a staircase to the Shoals.
 13734 | Lair:2   | Reached skill level 10 in Long Blades
 13899 | Lair:3   | Noticed a five-headed hydra
 13913 | Lair:3   | Killed a one-headed hydra
 14670 | Lair:3   | Found a hole to the Spider Nest.
 14702 | Lair:3   | Gained mutation: You are strongly in touch with the powers
                  | of death. [Mummy growth]
 14702 | Lair:3   | Reached XP level 13. HP: 64/92 MP: 19/19
 14961 | Lair:4   | Noticed Sonja
 14983 | Lair:4   | Killed Sonja
 15193 | Lair:4   | Found a transporter.
 15246 | Lair:4   | Found a transporter.
 15273 | Lair:4   | Noticed Piki's ghost (journeyman GrFE)
 15326 | Lair:4   | Found a staircase to the Slime Pits.
 15326 | Lair:4   | Found a viscous altar of Jiyva.
 15692 | Lair:5   | Entered Level 5 of the Lair of Beasts
 15717 | Lair:5   | Reached ****** piety under Cheibriados
 16316 | Lair:5   | Noticed Josephine
 16325 | Lair:5   | Killed Josephine
 16944 | Lair:5   | Reached XP level 14. HP: 25/98 MP: 20/20
 19397 | D:12     | Identified the +0 pair of boots "Xuug" {Str+4 Int+3}
 20119 | D:13     | Found a gate to the Vaults.
 20842 | D:14     | Reached skill level 5 in Armour
 21023 | D:14     | Identified the amulet "Ziulug" {Faith Dex+8}
 21351 | D:15     | Entered Level 15 of the Dungeon
 21509 | D:15     | Found a shimmering blue altar of Sif Muna.
 21564 | D:15     | Noticed Kirke
 21580 | D:15     | Reached XP level 15. HP: 100/113 MP: 21/21
 21971 | D:15     | Killed Kirke
 22399 | D:15     | Reached skill level 10 in Fighting
 22413 | D:15     | Found a staircase to the Depths.
 22578 | Orc:1    | Entered Level 1 of the Orcish Mines
 22581 | Orc:1    | Noticed Snorg
 22595 | Orc:1    | Killed Snorg
 22813 | Orc:1    | Found a dark tunnel.
 22911 | Volcano  | Entered a volcano
 22933 | Abyss:3  | Cast into level 3 of the Abyss (a wizard)
 22975 | Abyss:4  | Found a corrupted altar of Lugonu.
 22987 | Abyss:4  | Noticed a bone dragon
 22991 | Abyss:4  | Got an abyssal rune of Zot
 22992 | Abyss:4  | Noticed a bone dragon
 23178 | Volcano  | Escaped the Abyss
 23514 | Orc:2    | Entered Level 2 of the Orcish Mines
 23944 | Orc:2    | Found a staircase to the Elven Halls.
 23970 | Orc:2    | Noticed Saint Roka
 24530 | Orc:2    | Found a burning altar of Makhleb.
 24658 | Orc:2    | Paralysed by an orc sorcerer for 2 turns
 24671 | Orc:2    | Reached skill level 10 in Armour
 24686 | Orc:2    | Killed from afar by Saint Roka

Illustrated notes

Levels and vault maps discovered:
D:1:      minmay_arrival_jagged, layout_rooms,
          dilly_ecumenical_altar_fadedgnrine, grunt_decor_mini_mirrors,
          chequers_serial_rivers_room_a, chequers_arboretum
D:2:      layout_basic
D:3:      layout_basic, elyvilon_altar_5, nrook_mini_vaults, uniq_sigmund
D:4:      layout_loops_ring, nicolae_overflow_hidden_temple,
          minmay_temple_entry_large_hall, nicolae_figureground_sparkle
D:5:      layout_basic, tso_altar, chequers_temple_overflow_statue_of_worship
D:6:      layout_basic, mainiacjoe_overflow_tiny_flanked,
          dreamdust_mushroom_princess
D:7:      layout_loops_ring, enter_bailey_3, amcnicky_mini_rare_corridor_liquid,
          kennysheep_windowed_goal
D:8:      layout_basic, uniq_gastronok
D:9:      layout_loops_ring, dpeg_oklobed_lair, serial_shops,
          nicolae_shop_waterfront, minmay_unpleasant_kobolds
D:10:     layout_irregular_city, minmay_misc_feat_hallway
D:11:     minmay_opposing_rooms, layout_stronghold, hiddenorc1_lemuel,
          eino_small_chamber_without_monster, hangedman_decor_clover_reticule,
          minmay_misc_feat_square, nicolae_yredelemnul_ghost_church, uniq_urug,
          uniq_nergalle, uniq_harold
D:12:     layout_roguey
D:13:     layout_basic, david_vaults_2
D:14:     layout_basic, hangedman_abyss_or_decor_passed, item_on_display_b
D:15:     grunt_enter_depths_magical_seal, layout_irregular_city,
          nicolae_sif_muna_condensation, uniq_kirke
Temple:   regret_index_temple_generic_petals
Lair:1:   layout_small_grid, lemuel_fruit_fields
Lair:2:   layout_chaotic_city, minmay_shoals_entry_hut, serial_bayou_shore_a
Lair:3:   layout_misc_corridors, nicolae_spider_entry_tight_spaces,
          beast_lair_carwin_6
Lair:4:   layout_big_grid, slime_entry_1, gammafunk_ghost_berserking_beasts,
          kennysheep_basilisk_garden, infiniplex_staircase_pool_2, uniq_sonja
Lair:5:   evilmike_catoblepas_cave, layout_regular_city, serial_bayou,
          serial_bayou_pond_d, serial_bayou_pond_a, serial_bayou_shore_b,
          serial_bayou_pond_d, uniq_josephine
Orc:1:    layout_diamond_mine, lightli_volcano_entry_magma_tube, uniq_snorg
Orc:2:    st_orc_pillars, layout_caves, basic_altar, uniq_saint_roka

Skill      XL: |  1  2  3  4  5  6  7  8  9 10 11 12 13 14 15 |
---------------+----------------------------------------------+-----
Long Blades    | 2 3 4 5 6 7 9 10 12 13 | 13.1
Dodging        | 2 3 4 5 6 7 9 10 12 13 | 13.1
Fighting       | 4 5 9 11 | 11.0
Spellcasting   | 1 4 |  4.0
Ice Magic      | 1 3 4 |  4.0
Shields        | 3 4 |  4.0
Invocations    | 4 5 6 |  6.7
Armour         | 1 6 10 | 10.0
Evocations     | 3 5 |  5.0
Stealth        | |  4.1

Action                   |  1- 3 |  4- 6 |  7- 9 | 10-12 | 13-15 || total
-------------------------+-------+-------+-------+-------+-------++-------
Melee: Falchion          |   143 |   267 |   397 |   389 |       ||  1196
       Punch             |     1 |     3 |     3 |       |       ||     7
       Long sword        |       |       |       |   262 |   528 ||   790
       Scimitar          |       |       |       |       |   542 ||   542
Throw: Javelin           |       |       |       |     1 |       ||     1
 Cast: Ozocubu's Armour  |       |       |       |       |     1 ||     1
Invok: Bend Time         |       |       |     4 |       |       ||     4
       Slouch            |       |       |       |     8 |    24 ||    32
       Step From Time    |       |       |       |       |     2 ||     2
Evoke: Wand              |     3 |       |    11 |    18 |    27 ||    59
       Condenser vane    |       |       |       |       |     2 ||     2
       Phial of floods   |       |       |       |       |     1 ||     1
  Use: Scroll            |     2 |    10 |    11 |     7 |     8 ||    38
 Stab: Sleeping          |     6 |     9 |     9 |     1 |     1 ||    26
       Distracted        |     1 |       |       |     1 |     2 ||     4
       Confused          |       |       |       |       |     8 ||     8
Armor: Leather armour    |    51 |    71 |    61 |       |       ||   183
       Steam dragon scal |       |       |    43 |    14 |       ||    57
       Ring mail         |       |       |       |     6 |       ||     6
       Chain mail        |       |       |       |   226 |   369 ||   595
Dodge: Dodged            |    86 |   186 |   320 |   560 |  1186 ||  2338
Block: Buckler           |       |       |    68 |   331 |   574 ||   973
       Reflection        |       |       |       |       |     1 ||     1

Table legend: (Time is in decaauts)
 A = Elapsed time spent in this place.
 B = Non-inter-level travel time spent in this place.
 C = Inter-level travel time spent in this place.
 D = Time resting spent in this place.
 E = Time spent auto-exploring this place.
 F = Levels seen in this place.
 G = Mean time per level.
                   A        B        C        D        E       F      G
               +--------+--------+--------+--------+--------+-----+--------+
         Total |  34286 |  32294 |   1992 |   6299 |  18732 |  27 | 1269.9 |
       Dungeon |  20989 |  19675 |   1314 |   3285 |  12038 |  15 | 1399.3 |
        Temple |    272 |    212 |     60 |      0 |    203 |   1 |  272.0 |
          Lair |   9407 |   8949 |    458 |   2068 |   5117 |   5 | 1881.4 |
  Orcish Mines |   2086 |   1926 |    160 |    604 |    861 |   2 | 1043.0 |
         Abyss |    318 |    318 |      0 |     74 |      0 |   2 |  159.0 |
        Bailey |    743 |    743 |      0 |    258 |    212 |   1 |  743.0 |
       Volcano |    468 |    468 |      0 |      7 |    299 |   1 |  468.0 |
               +--------+--------+--------+--------+--------+-----+--------+

Top non-repeatable levels by time:
  Lair:5: 2960 daAuts
    D:11: 2774 daAuts
    D:13: 2023 daAuts
  Lair:2: 1749 daAuts
    D:15: 1678 daAuts
  Lair:1: 1603 daAuts
  Lair:3: 1581 daAuts
    D:12: 1571 daAuts
  Lair:4: 1512 daAuts
     D:7: 1447 daAuts
     D:6: 1440 daAuts
     D:8: 1405 daAuts
    D:10: 1271 daAuts
     D:9: 1244 daAuts
     D:2: 1214 daAuts
